 Dungeon Crawl Stone Soup version 0.21.1-1-g345015f (webtiles) character file.

191 Fang the Skirmisher (level 5, 0/34 HPs)
             Began as a Gargoyle Berserker on June 6, 2018.
             Was a Believer of Trog.
             Slain by an orc wizard
             ... wielding a +0 dagger
              (1 damage)
             ... on level 3 of the Dungeon.
             The game lasted 00:01:51 (1903 turns).

Fang the Skirmisher (Gargoyle Berserker)            Turns: 1903, Time: 00:01:52

Health: 0/34       AC:  6    Str: 21    XL:     5   Next: 70%
Magic:  5/5        EV: 12    Int:  8    God:    Trog [**....]
Gold:   56         SH:  0    Dex:  9    Spells: 4/4 levels left

rFire    . . .     SeeInvis .   a - +0 hand axe
rCold    . . .     Gourm    .   (no shield)
rNeg     + . .     Faith    .   b - +0 animal skin
rPois    ∞         Spirit   .   (no helmet)
rElec    +         Reflect  .   (no cloak)
rCorr    .         Harm     .   (no gloves)
MR       .....                  (no boots)
Stlth    +.........             (no amulet)
HPRegen  0.11/turn              (no ring)
MPRegen  0.09/turn              (no ring)

@: berserk cooldown, slowed, very slow
A: negative energy resistance 1, electricity resistance, unbreathing,
petrification resistance, rot immunity, AC +4
a: Berserk, Trog's Hand, Burn Spellbooks, Renounce Religion


You were on level 3 of the Dungeon.
You worshipped Trog.
Trog was pleased with you.
You were hungry.

You visited 1 branch of the dungeon, and saw 3 of its levels.

You collected 56 gold pieces.

Inventory:

Hand Weapons
 a - a +0 hand axe (weapon)
Armour
 b - a +0 animal skin (worn)
Jewellery
 j - an uncursed ring of protection from fire {unknown}
Scrolls
 d - 5 scrolls of identify {unknown}
 e - 3 scrolls of enchant armour {unknown}
 f - a scroll of noise {unknown}
 g - 2 scrolls of remove curse {unknown}
 h - a scroll of fog {unknown}
 i - 2 scrolls of blinking {unknown}
Potions
 k - a potion of haste {unknown}
 l - a potion of heal wounds {unknown}
 n - a potion of degeneration {unknown}
Comestibles
 c - 5 rations


   Skills:
 + Level 4.5 Fighting
 + Level 4.3 Axes
 + Level 2.3 Armour
 + Level 2.3 Dodging
 + Level 1.1 Stealth


You had 4 spell levels left.
You didn't know any spells.

Dungeon Overview and Level Annotations

Branches:
Dungeon (3/15)

Altars:


Innate Abilities, Weirdness & Mutations

You are resistant to torment.
Your stone body is resilient. (AC +4)
You are immune to poison.
You resist negative energy. (rN+)
You are resistant to electric shocks. (rElec)
You can survive without breathing.
You are immune to petrification.
You are immune to rotting.


Message History

You hear some strange, mumbled words.
Something tries to affect you, but you resist.
You barely miss something. Something hits you but does no damage.
You closely miss something. Something hits you but does no damage.
Something hits you.
* * * LOW HITPOINT WARNING * * *
You hit something. Something hits you.
* * * LOW HITPOINT WARNING * * *
You miss something.
Something hits you but does no damage. x2
You closely miss something.
Something hits you but does no damage. x2
You miss something. Something hits you but does no damage.
You miss something.
Something hits you but does no damage. x2
You hit something but do no damage.
Something hits you but does no damage. x2
You closely miss something. Something hits you.
* * * LOW HITPOINT WARNING * * *
You miss something. Something hits you.
* * * LOW HITPOINT WARNING * * *
Something hits you but does no damage.
You miss something. Something hits you.
You die...

# # ## ..# ###.
###########....#
....#####......)@(h....#
...............####....#
###.....(......# ..#
........(......# #
####....(......#
#.############# #.#
#......
#.#######........
##.#.#.##..........


You could see a jackal.

Vanquished Creatures
  The ghost of Naiya55 the Digger, an amateur GrEE (D:3)
  An orc priest (D:3)
  2 adders
  A worm (D:2)
  3 dart slugs
  3 leopard geckos
  2 orcs (D:3)
  3 giant cockroaches
  4 goblins
  4 hobgoblins
  12 jackals
  9 kobolds
  A quokka (D:3)
  A ball python (D:1)
  6 bats
  7 rats
60 creatures vanquished.

Notes
Turn   | Place    | Note
-------+----------+-------------------------------------------
     0 | D:1      | Fang the Gargoyle Berserker began the quest for the Orb.
     0 | D:1      | Reached XP level 1. HP: 14/14 MP: 1/1
    78 | D:1      | Reached XP level 2. HP: 19/19 MP: 2/2
   300 | D:1      | Reached XP level 3. HP: 23/24 MP: 3/3
   544 | D:1      | Reached ** piety under Trog
  1322 | D:3      | Noticed Naiya55's ghost (amateur GrEE)
  1331 | D:3      | Reached XP level 4. HP: 29/29 MP: 4/4
  1332 | D:3      | Killed Naiya55's ghost
  1332 | D:3      | Reached skill level 1 in Stealth
  1332 | D:3      | Reached XP level 5. HP: 34/34 MP: 5/5
  1902 | D:3      | HP: 1/34 [something (2)]
  1903 | D:3      | Slain by an orc wizard

Skill      XL: |  1  2  3  4 |
---------------+-------------+-----
Axes           | 3 4 |  4.3
Fighting       | 4 |  4.5
Dodging        | 2 |  2.3
Stealth        | 1 |  1.1
Armour         | |  2.3

Action                   |  1- 3 |  4- 6 || total
-------------------------+-------+-------++-------
Melee: Hand axe          |   128 |    58 ||   186
Invok: Berserk           |     2 |     2 ||     4
 Stab: Sleeping          |     1 |       ||     1
  Eat: Chunk             |     2 |     4 ||     6
Armor: Animal skin       |    54 |    27 ||    81
Dodge: Dodged            |    84 |    48 ||   132
